 Dungeon Crawl Stone Soup version 0.27.1-33-g824d729ab1 (webtiles) character file.

Game seed: 12221371142708072170

156 Descartes the Grasshopper (level 5, -2/19 (25) HPs)
             Began as a Spriggan Warper on Dec 2, 2021.
             Slain by a necrophage (6 damage)
             ... on level 3 of the Dungeon.
             The game lasted 00:08:27 (5512 turns).

Descartes the Grasshopper (Spriggan Warper)         Turns: 5512, Time: 00:08:28

HP:   -2/19 (25)    AC:  2    Str:  8    XL:     5   Next: 15%
MP:   10/10         EV: 19    Int: 14    God:
Gold: 148           SH:  0    Dex: 15    Spells: 10/10 levels left

rFire    . . .     SeeInvis +   g - +1 dagger (drain)
rCold    . . .     Faith    .   (shield restricted)
rNeg     . . .     Spirit   .   b - +0 robe
rPois    .         Reflect  .   (helmet restricted)
rElec    .         Harm     .   (no cloak)
rCorr    .         Rampage  .   (gloves unavailable)
Will     .....                  (boots unavailable)
Stlth    +++.......             (no amulet)
HPRegen  0.06/turn              (no ring)
MPRegen  0.12/turn              (no ring)

@: heavily drained, very quick
A: very small, no large weapons, unfitting armour, see invisible, speed 3
a: no special abilities


You were on level 3 of the Dungeon.
You visited 1 branch of the dungeon, and saw 4 of its levels.

You collected 148 gold pieces.

Inventory:

Hand Weapons
 a - a +0 short sword
 g - a +1 dagger of draining (weapon)
Missiles
 d - 5 boomerangs of dispersal (quivered)
 j - 53 poisoned darts
 n - 132 stones
Armour
 b - a +0 robe (worn)
Scrolls
 c - 2 scrolls of blinking
 i - a scroll of amnesia {unknown}
 k - 7 scrolls of identify {unknown}
 l - a scroll of brand weapon {unknown}
 p - a scroll of fear {unknown}
 q - 3 scrolls of teleportation {unknown}
Potions
 e - a potion of heal wounds {unknown}
 f - 2 potions of curing {unknown}
 h - a potion of haste {unknown}
 m - 2 potions of flight {unknown}
 o - a potion of brilliance {unknown}


   Skills:
 - Level 1.5 Fighting
 + Level 3.6 Short Blades
 - Level 1.0 Throwing
 + Level 4.7 Dodging
 + Level 3.9 Stealth
 + Level 3.1 Spellcasting
 + Level 4.8 Translocations


You had 10 spell levels left.
You didn't know any spells.
Your spell library contained the following spells:

 Spells                   Type           Power      Damage    Failure   Level
 Blink                    Tloc           N/A        N/A       4%          2
 Gell's Gravitas          Tloc           7%         N/A       9%          3
 Lesser Beckoning         Tloc           7%         N/A       9%          3
 Teleport Other           Tloc           15%        N/A       9%          3
 Manifold Assault         Tloc           15%        N/A       63%         5


Dungeon Overview and Level Annotations

Branches:
Dungeon (4/15)
 Temple: D:4-7

Altars:
Trog

Shops:
D:2 !   D:4 :


Innate Abilities, Weirdness & Mutations

You are very small and have problems with some larger weapons.
You are too small for most types of armour.
You have supernaturally acute eyesight. (SInv)
You cover ground extremely quickly. (Speed+++)


Message History

You hit the necrophage.
The necrophage is heavily damaged.
The necrophage misses you.
You closely miss the necrophage.
The necrophage is heavily damaged.
The necrophage barely misses you.
You hit the necrophage.
The necrophage is severely damaged.
The necrophage barely misses you.
You hit the necrophage but do no damage.
The necrophage is severely damaged.
The necrophage hits you.
You are too injured to fight recklessly!
You are too injured to fight recklessly!
You are too injured to fight recklessly!
You are too injured to fight recklessly!
You are too injured to fight recklessly!
You are too injured to fight recklessly!
You are too injured to fight recklessly!
You are too injured to fight recklessly!
You are too injured to fight recklessly!
You are too injured to fight recklessly!
You are too injured to fight recklessly!
You are too injured to fight recklessly!
You are too injured to fight recklessly!
You are too injured to fight recklessly!
You hit the necrophage.
The necrophage is severely damaged.
The necrophage hits you.
* * * LOW HITPOINT WARNING * * *
You feel drained.
You hit the necrophage but do no damage.
The necrophage is severely damaged.
The necrophage barely misses you.
You barely miss the necrophage.
The necrophage is severely damaged.
You hit the necrophage.
The necrophage is almost destroyed.
The necrophage hits you.
You die...

..........###
.........## #...##.#.#
############ #.#....#.#
#..........# #.#..#...#
#..........# #.#....###
#..........# #.#..###
#......<...#
#....###########.)....#
#.#..#≈≈≈≈≈≈≈≈≈#@######
#.#....o......on.#
.....#≈≈≈≈≈≈≈≈≈###
..##.###########
.###o#...#
>##......######
.....#........#
.............##
..)...........#######


You could see a necrophage and an orc.

Vanquished Creatures
  An orc priest (D:3)
  Jessica (D:2)
  A gnoll (D:3)
  3 adders
  A dart slug (D:1)
  3 orcs (D:3)
  4 bats
  4 endoplasms
  A giant cockroach (D:3)
  8 goblins
  7 hobgoblins
  4 kobolds
  4 quokkas
  7 ball pythons
  3 frilled lizards
  8 rats
60 creatures vanquished.

Notes
Turn   | Place    | Note
-------+----------+-------------------------------------------
     0 | D:1      | Descartes the Spriggan Warper began the quest for the Orb.
     0 | D:1      | Reached XP level 1. HP: 10/10 MP: 5/5
    41 | D:1      | Reached skill level 1 in Stealth
   333 | D:1      | Reached XP level 2. HP: 14/14 MP: 6/6
  1077 | D:1      | Found a faded altar of an unknown god.
  1429 | D:2      | Reached XP level 3. HP: 13/18 MP: 8/8
  1559 | D:2      | Found Oboklunk's Distillery.
  1613 | D:2      | Noticed Jessica
  1628 | D:2      | Killed Jessica
  2272 | D:3      | Reached XP level 4. HP: 22/22 MP: 9/9
  2421 | D:3      | Noticed a phantom
  3672 | D:3      | Found a bloodstained altar of Trog.
  5151 | D:2      | Found Oboklunk's Distillery.
  5189 | D:4      | Noticed a necrophage
  5189 | D:4      | Found Aghisiu's Book Shoppe.
  5197 | D:3      | Reached XP level 5. HP: 23/25 MP: 10/10
  5512 | D:3      | Slain by a necrophage

Illustrated notes

Levels and vault maps discovered:
D:1:      dpeg_arrival_orchard, layout_rooms, ebering_ecumenical_altar_hall
D:2:      cheibrodos_helix_gallery, layout_basic, serial_shops, shop,
          uniq_jessica
D:3:      layout_rooms, lightli_temple_of_fire,
          amcnicky_mini_rare_corridor_liquid, minmay_close_crescents
D:4:      layout_cave_pools, mainiacjoe_overflow_cross_hatched,
          lemuel_zombie_altar_kikubaaqudgha, ebering_ghost_disaster_area,
          serial_shops, nicolae_stop_n_shop_1, grunt_ministairs_1,
          minmay_ruined_shrine

Skill      XL: |  1  2  3  4 |
---------------+-------------+-----
Stealth        | 1 2 3 |  3.9
Short Blades   | 3 |  3.6
Dodging        | 4 |  4.7
Spellcasting   | 3 |  3.1
Fighting       | |  1.5
Throwing       | |  1.0
Translocations | |  4.8

Action                   |  1- 3 |  4- 6 || total
-------------------------+-------+-------++-------
Melee: Short sword       |    27 |       ||    27
       Dagger            |    89 |   171 ||   260
 Stab: Sleeping          |     6 |       ||     6
Armor: Robe              |     8 |    13 ||    21
Dodge: Dodged            |    79 |   132 ||   211
